 Dungeon Crawl Stone Soup version 0.28-a0-1236-gb25a51b929 (webtiles) character file.

Game seed: 13309298117020406903

50 ragingrage the Caller (level 3, 0/14 HPs)
             Began as a Felid Summoner on Dec 25, 2021.
             Killed by nerve-wracking pain
             ... invoked by an orc priest
              (7 damage)
             ... on level 2 of the Dungeon.
             The game lasted 00:02:38 (1906 turns).

ragingrage the Caller (Felid Summoner)              Turns: 1906, Time: 00:02:39

Health: 0/14       AC:  1    Str:  4    XL:     3   Next: 55%
Magic:  8/8        EV: 17    Int: 18    God:
Gold:   34         SH:  0    Dex: 16    Spells: 2/8 levels left
                                        Lives:  0   Deaths: 0

rFire   . . .      SeeInvis +   (weapon unavailable)
rCold   . . .      Faith    .   (shield unavailable)
rNeg    . . .      Spirit   .   (armour unavailable)
rPois   .          Reflect  .   (helmet unavailable)
rElec   .          Harm     .   (cloak unavailable)
rCorr   .          Rampage  .   (gloves unavailable)
Will    .....                   (boots unavailable)
Stlth   ++........              (no amulet)
HPRegen 0.04/turn               (no ring)
MPRegen 0.11/turn               (no ring)

@: quick
A: very small, claws 1, fangs 3, see invisible, speed 1, shaggy fur 1, stealthy
paws, no weapons or thrown items, no armour, multi-lived
a: no special abilities


You were on level 2 of the Dungeon.
You visited 1 branch of the dungeon, and saw 2 of its levels.

You collected 34 gold pieces.

Inventory:

Jewellery
 d - a ring of flight
Scrolls
 b - a scroll of identify {unknown}
 c - a scroll of amnesia {unknown}
 e - a scroll of immolation {unknown}
 f - a scroll of vulnerability {unknown}
Potions
 a - a potion of mutation {unknown}


   Skills:
 - Level 2.6 Dodging
 - Level 2.6 Stealth
 + Level 3.0 Spellcasting
 + Level 4.7 Summonings


You had 2 spell levels left.
You knew the following spells:

 Your Spells              Type           Power      Damage    Failure   Level
a - Summon Small Mammal   Summ           76%        N/A       2%          1
b - Call Imp              Summ           19%        N/A       3%          2
c - Call Canine Familiar  Summ           19%        N/A       7%          3

Your spell library contained the following spells:

 Spells                   Type           Power      Damage    Failure   Level
 Summon Guardian Golem    Hex/Summ       11%        N/A       19%         3
 Dazzling Flash           Conj/Hex       4%         N/A       43%         3
 Tukima's Dance           Hex            2%         N/A       43%         3
 Summon Lightning Spire   Summ/Air       11%        N/A       52%         4
 Passage of Golubria      Tloc           2%         N/A       85%         4
 Agony                    Necr           2%         N/A       99%         5
 Silence                  Hex/Air        1%         N/A       99%         5
 Yara's Violent Unravell  Hex/Tmut       1%         3d3       99%         5


Dungeon Overview and Level Annotations

Branches:
Dungeon (2/15)

Altars:


Innate Abilities, Weirdness & Mutations

You have sharp claws.
You have razor-sharp teeth.
You have supernaturally acute eyesight. (SInv)
You cover ground quickly. (Speed+)
You are covered in fur. (AC +1)
Your paws help you pounce on unaware monsters.
You are incapable of wielding weapons or throwing items.
You cannot wear armour.
You gain extra lives every three experience levels.


Message History

Your crimson imp hits the orc.
The orc priest closely misses your crimson imp.
The orc hits your crimson imp with a +0 war axe.
Your crimson imp blinks!
Casting: Call Imp (safe; 3% risk of failure)
Confirm with . or Enter, or press ? or * to list all spells.
A beastly little devil appears in a puff of flame.
Your crimson imp says, "You called?"
The orc priest hits your crimson imp with a +0 hand axe!
The orc priest hits your crimson imp with a +0 hand axe.
Your crimson imp hits the orc priest but does no damage.
The orc priest hits your crimson imp with a +0 hand axe.
Your crimson imp hits the orc priest but does no damage.
The orc priest barely misses your crimson imp.
Your crimson imp blinks!
Casting: Call Imp (safe; 3% risk of failure)
Confirm with . or Enter, or press ? or * to list all spells.
A beastly little devil appears in a puff of flame.
Your crimson imp disappears in a puff of smoke!
The orc priest looks encouraged for a moment.
What are your orders? t - Meow!
Orders for allies: a - Attack new target. p - Attack previous target. r - Retreat! s - Stop attacking. g - Guard the area. f - Follow me.
Anything else - Cancel.
Okay, then.
You climb upwards.
Your summoned ally is left behind.
There is a stone staircase leading down here.
Unknown command.
You start resting.
Magic restored.
You climb downwards.
The orc priest hits you with a +0 hand axe. x2
There is a stone staircase leading up here.
Unknown command.
The orc priest calls down the wrath of Beogh upon you.
Pain shoots through your body!
Ouch! That really hurt!
You die...

#.# #.# #.# #[# ..
#.#.# # #.########.#.#
.. .......##.#.# #.
.........#รท#
#..##.......#@#
#...........#o#
#..##>......#o######
#............).....#
.......#........#####.#
...##..#........# .
....#.............
.###o####.###.##### #.
#. #.# #.#


You could see an orc priest and an orc.

Vanquished Creatures
  An orc (D:2)
  2 bats (D:1)
  An endoplasm (D:1)
  2 goblins (D:1)
  A quokka (D:1)
7 creatures vanquished.

Vanquished Creatures (collateral kills)
  An adder (D:2)
  2 dart slugs (D:1)
  A ball python (D:1)
  5 endoplasms (D:1)
  A giant cockroach (D:2)
  3 goblins (D:1)
  3 hobgoblins (D:1)
  2 kobolds (D:1)
  A quokka (D:1)
  2 bats (D:1)
  A frilled lizard (D:1)
  2 rats (D:1)
24 creatures vanquished.

Grand Total: 31 creatures vanquished

Notes
Turn   | Place    | Note
-------+----------+-------------------------------------------
     0 | D:1      | ragingrage the Felid Summoner began the quest for the Orb.
     0 | D:1      | Reached XP level 1. HP: 7/7 MP: 4/4
   276 | D:1      | Reached XP level 2. HP: 11/11 MP: 4/6
   279 | D:1      | Learned a level 2 spell: Call Imp
  1021 | D:1      | Reached XP level 3. HP: 14/14 MP: 5/8
  1263 | D:1      | Learned a level 3 spell: Call Canine Familiar
  1906 | D:2      | Killed from afar by an orc priest

Illustrated notes

Levels and vault maps discovered:
D:1:      ebering_trefoil_3fold, layout_basic, chequers_serial_rivers_room_b,
          minmay_pentomino_t4
D:2:      cheibrodos_greedy_goblins, layout_loops_ring, roderic_serpentine_path

Skill      XL: |  1  2  3 |
---------------+----------+-----
Spellcasting   | 3 |  3.0
Dodging        | |  2.6
Stealth        | |  2.6
Summonings     | |  4.7

Action                   || total
-------------------------++-------
Melee: Unarmed           ||    23
       Bite              ||     1
 Cast: Summon Small Mamm ||    13
       Call Imp          ||    20
 Stab: Sleeping          ||     1
Dodge: Dodged            ||    29

Table legend: (Time is in decaauts)
 A = Elapsed time spent in this place.
 B = Non-inter-level travel time spent in this place.
 C = Inter-level travel time spent in this place.
 D = Time resting spent in this place.
 E = Time spent auto-exploring this place.
 F = Levels seen in this place.
 G = Mean time per level.
                   A        B        C        D        E       F      G
               +--------+--------+--------+--------+--------+-----+--------+
         Total |   1745 |   1728 |     17 |    479 |    918 |   2 |  872.5 |
       Dungeon |   1745 |   1728 |     17 |    479 |    918 |   2 |  872.5 |
               +--------+--------+--------+--------+--------+-----+--------+

Top non-repeatable levels by time:
     D:1: 1535 daAuts
     D:2: 209 daAuts
